 Dungeon Sprint DCSS version 0.29.1-2-gbd0b4ee654 (webtiles) character file.

Game seed: 18359899818855974071

21 boopmooplesden the Chopper (level 2, 0/29 HPs)
             Began as a Minotaur Berserker on Nov 23, 2022.
             Was a Believer of Trog.
             Succumbed to a scorpion's poison
             ... in the Dungeon (Sprint III: "The Ten Rune Challenge").
             The game lasted 00:00:17 (85 turns).

boopmooplesden the Chopper (Minotaur Berserker)       Turns: 85, Time: 00:00:18

Health: 0/29       AC:  2    Str: 21    XL:     2   Next: 65%
Magic:  1/1        EV: 12    Int:  4    God:    Trog [**....]
Gold:   0          SH:  0    Dex:  9    Spells: 1/1 levels left

rFire   . . .      SeeInvis .   a - +0 hand axe
rCold   . . .      Faith    .   (no shield)
rNeg    . . .      Spirit   .   b - +0 animal skin
rPois   .          Reflect  .   (helmet restricted)
rElec   .          Harm     .   (no cloak)
rCorr   .          Rampage  .   (no gloves)
Will    .....      NoTele   +   (no boots)
Stlth   +.........              (no amulet)
HPRegen 0.09/turn               (no ring)
MPRegen 0.07/turn               (no ring)

@: lethally poisoned (0 -> -14)
A: horns 2, retaliatory headbutt
a: Renounce Religion, Berserk, Trog's Hand


You were in the Dungeon.
You worshipped Trog.
Trog was pleased with you.
You visited 1 branch

Inventory:

Hand Weapons
 a - a +0 hand axe (weapon)
Armour
 b - a +0 animal skin (worn)
Scrolls
 h - a scroll of blinking
 i - a scroll of immolation {unknown}
Potions
 c - 2 potions of curing
 d - a potion of heal wounds
 e - a potion of haste
 f - 2 potions of magic
 g - a potion of berserk rage


   Skills:
 + Level 5.4 Fighting
 + Level 5.5 Axes
 + Level 3.1 Armour
 + Level 2.7 Dodging


You had one spell level left.
You didn't know any spells.
Your spell library was empty.

Dungeon Overview and Level Annotations

Branches:
Dungeon (1/1)

Altars:


Innate Abilities, Weirdness & Mutations

You have a pair of horns on your head.
You reflexively headbutt those who attack you in melee.


Message History

HP restored.
You start waiting.
You recover from your berserk rage.
You enter the shallow water.
Moving in this stuff is going to be slow.
A scorpion comes into view.
The scorpion barely misses you. You furiously retaliate!
You headbutt the scorpion. The scorpion stings you.
You closely miss the scorpion.
The scorpion is lightly wounded.
The scorpion misses you. The scorpion closely misses you.
You hit the scorpion. Your headbutt misses the scorpion.
The scorpion is lightly wounded.
The scorpion misses you.
You hit the scorpion. You headbutt the scorpion!
The scorpion is almost dead.
The scorpion stings you!
You barely miss the scorpion. Your headbutt misses the scorpion.
The scorpion is almost dead.
The scorpion barely misses you.
You hit the scorpion but do no damage. Your headbutt misses the scorpion.
The scorpion is almost dead.
The scorpion stings you.
You are poisoned.
The scorpion poisons you! The scorpion stings you.
You closely miss the scorpion.
The scorpion is almost dead.
You feel very sick. The scorpion stings you.
* * * LOW HITPOINT WARNING * * *
You are lethally poisoned!
The scorpion poisons you!
You closely miss the scorpion.
The scorpion is almost dead.
* * * LOW HITPOINT WARNING * * *
You feel very sick.
The scorpion stings you but does no damage.
You hit the scorpion but do no damage.
The scorpion is almost dead.
You die...

▓▓▓▓ ▓▓▓▓▓▓ ▓<.#
+....♣ ▓..#
#....♣♣♣
▓#'####....♣.♣
▓..†..#....~.♣♣♣
▓.....#...~~♣♣..
▓.....#.s~~~~.♣♣ .
▓####'#.@~≈≈~~~♣..
▓....†#.~~≈~~~....
▓.....#.~≈~~~.....
▓.....#.~~~.......
▓'#####...........
▓..........†......
▓▓▓▓▓▓▓▓▓▓▓▓▓▓▓▓▓▓


You could see a scorpion.

Vanquished Creatures
  A human (D)
  An endoplasm (D)
  3 rats (D)
5 creatures vanquished.

Notes
Turn   | Place    | Note
-------+----------+-------------------------------------------
     0 | D        | boopmooplesden the Minotaur Berserker began the quest for
                  | the Orb.
     0 | D        | Reached XP level 1. HP: 19/19 MP: 0/0
    13 | D        | Reached ** piety under Trog
    39 | D        | Reached skill level 5 in Fighting
    39 | D        | Reached skill level 5 in Axes
    39 | D        | Reached XP level 2. HP: 29/29 MP: 1/1
    75 | D        | Noticed a scorpion
    85 | D        | Succumbed to a scorpion's poison

Illustrated notes

Levels and vault maps discovered:
D:        dungeon_sprint_mu [sprint_mu_entry_forest, sprint_mu_temple_rooms,
          sprint_mu_d1_horrors, sprint_mu_d2_genie, sprint_mu_d3_branching,
          sprint_mu_orc_legion, sprint_mu_elf_gauntlet, sprint_mu_hive_nellie,
          sprint_mu_lair_fedhas, sprint_mu_vaults_butterflies,
          sprint_mu_slime_circle, sprint_mu_shoals_kraken,
          sprint_mu_snake_twists, sprint_mu_blade_basic,
          sprint_mu_crypt_fortress, sprint_mu_tomb_spiral,
          sprint_mu_vestibule_basic, sprint_mu_gehenna_hellfire,
          sprint_mu_dis_giant, sprint_mu_tartarus_statrot,
          sprint_mu_cocytus_islands, sprint_mu_zot1]

Skill      XL: |  1 |
---------------+----+-----
Fighting       | 5 |  5.4
Axes           | 5 |  5.5
Armour         | 3 |  3.1
Dodging        | |  2.7

Action                   || total
-------------------------++-------
Melee: Hand axe          ||    17
       Headbutt          ||     3
Invok: Berserk           ||     1
 Stab: Sleeping          ||     1
Armor: Animal skin       ||     3
Dodge: Dodged            ||     7
